[Event "*** Titled Tuesday Blitz"]
[Site "Chess.com"]
[Date "2020.04.07"]
[Round "1"]
[White "JonahWillow"]
[Black "Khalakhanov"]
[Result "1-0"]
[WhiteElo "2773"]
[BlackElo "2407"]
[TimeControl "180+1"]
[EndTime "13:08:15 PDT"]
[Termination "JonahWillow won on time"]

1. e4 c5 2. Nf3 e6 3. d4 cxd4 4. Nxd4 Nc6 5. Nc3 Qc7 6. g3 a6 7. Bg2 Nf6 8. O-O Bc5 9. Nxc6 dxc6 10. Na4 Ba7 11. c4 e5 12. c5 h6 13. Be3 Be6 14. Qc2 Rd8 15. Rad1 O-O 16. b3 Ng4 17.
Bc1 Qa5 18. Bb2 b5 19. cxb6 Bxb6 20. h3 Rxd1 21. Qxd1 Rd8 22. Qc1 Bxf2+ 23. Rxf2 Nxf2 24. Kxf2 Qd2+ 25. Qxd2 Rxd2+ 26. Kg1 f6 27. Bf1 Rd1 28. Kf2 a5 29. Be2 Rh1 30. h4 Rh2+ 31. Ke3 Rg2 32.
Kf3 Rh2 33. Bc3 Bg4+ 34. Kxg4 Rxe2 35. a3 Rxe4+ 36. Kf3 f5 37. Bxa5 g5 38. hxg5 hxg5 39. Nc5 g4+ 40. Kf2 Rd4 41. Bc3 Rd5 42. b4 f4 43. a4 Kf7 44. a5 fxg3+ 45. Kxg3 e4 46. Kxg4 e3 47. Kf3 Ke7 48. Kxe3 Kd6 49. Bd4 Rh5 50. Kd3 Kc7 51. Kc4 Kb8 52. Na4 Kb7 53.
Nc5+ Kb8 54. Kb3 Ka8 55. Ka4 Kb8 56. Nd3 Rd5 57. Ne5 Kb7 58. Bc3 c5 59. b5 Rd1 60.
a6+ Kb6 61. Nc4+ Ka7 62. b6+ Kxa6 63. Kb3 Rb1+ 64. Bb2 Kb7 65. Kc2 Rh1 66. Be5 1-0

[Event "*** Titled Tuesday Blitz"]
[Site "Chess.com"]
[Date "2020.04.07"]
[Round "1"]
[White "Justmig"]
[Black "Philosopherrr"]
[Result "0-1"]
[WhiteElo "2703"]
[BlackElo "2385"]
[TimeControl "180+1"]
[EndTime "13:08:15 PDT"]
[Termination "Philosopherrr won by checkmate"]

1. d4 Nf6 2. Bg5 d5 3. e3 Bf5 4. Bxf6 exf6 5. Ne2 c6 6. Ng3 Be6 7. Bd3 g6 8. Qe2 f5 9. c4 h5 10. Nc3 h4 11. Nf1 Nd7 12. cxd5 cxd5 13. Nd2 Rc8 14.
O-O Bd6 15. Rfc1 a6 16. Bc2 Kf8 17. Bb3 Nf6 18. Na4 Rxc1+ 19. Rxc1 Kg7 20. Nc5 Bc8 21. Nf3 Qe7 22. Nd3 Ne4 23. Bxd5 a5 24. Nfe5 Be6 25. Bxe6 Qxe6 26. f3 Nf6 27. b3 Nd5 28. e4 fxe4 29. fxe4 Nb4 30. Nf4 Qe7 31. Ned3 Qg5 32. e5 Nxd3 33.
Nxd3 Bb8 34. Rf1 Rd8 35. Qe4 Ba7 36. Qxb7 Bxd4+ 37. Kh1 Rf8 38. e6 Bf6 39. Qe4 Re8 40. Nf4 Qb5 41. Rd1 h3 42. gxh3 Bg5 43. Qd4+ Bf6 44. Qd5 Qb4 45. exf7 Re1+ 46. Rxe1 Qxe1+ 47. Kg2 Bh4 48. Ne6+ Kh6 49. Nd4 Qf2+ 50. Kh1 Qf1# 0-1

[Event "*** Titled Tuesday Blitz"]
[Site "Chess.com"]
[Date "2020.04.07"]
[Round "1"]
[White "Caracternin123"]
[Black "BobSacIt"]
[Result "1-0"]
[WhiteElo "2553"]
[BlackElo "2184"]
[TimeControl "180+1"]
[EndTime "13:08:16 PDT"]
[Termination "Caracternin123 won by resignation"]

1. d4 Nf6 2. Nf3 d6 3. g3 Nbd7 4. Bg2 g6 5. O-O Bg7 6. c4 c5 7.
Nc3 O-O 8. b3 cxd4 9. Nxd4 Nc5 10.
Bb2 Ne6 11. Nc2 a6 12. e4 Rb8 13. Ne3 Bd7 14. Ncd5 Nxd5 15. exd5 Bxb2 16. dxe6 Bxa1 17. Qxa1 fxe6 18. f4 Qb6 19. Re1 Bc6 20.
Bxc6 bxc6 21. Kg2 h5 22. Nd1 Rf6 23. Nf2 d5 24. Qe5 Rbf8 25. Nh3 Qb8 26. Qe3 Qd6 27. Ng5 d4 28. Qd3 c5 29. Re5 Qc6+ 30. Kg1 Rd8 31. Ne4 Kf7 32. Rxc5 Qb7 33. Re5 Rf5 34. Ng5+ Rxg5 35.
Rxg5 Rg8 36. Qxd4 Qb4 37. Re5 Qd6 38. Qxd6 exd6 39. Ra5 Ra8 40. Kf2 Ke7 41. Ke3 Kd7 42.
Kd4 Kc6 43. Rg5 Rg8 44. b4 Rb8 45. a3 Rg8 46. h3 Rg7 47. Ra5 Kb6 48. Rg5 Kc6 49. c5 d5 50. Ke5 Rd7 51. Rxg6 d4 52.
Rxe6+ Kc7 53. Kf5 d3 54. Re1 d2 55. Rd1 Rd3 56. g4 hxg4 57. hxg4 Kc6 58. g5 Kd5 59. g6 Kc4 60. g7 Kc3 61. g8=Q Kc2 1-0

[Event "*** Titled Tuesday Blitz"]
[Site "Chess.com"]
[Date "2020.04.07"]
[Round "1"]
[White "anesar92"]
[Black "stasiek18"]
[Result "0-1"]
[WhiteElo "2726"]
[BlackElo "2411"]
[TimeControl "180+1"]
[EndTime "13:08:17 PDT"]
[Termination "stasiek18 won by resignation"]

1. e4 c6 2. Nf3 d5 3. Nc3 Bg4 4. h3 Bxf3 5. Qxf3 e6 6. d4 dxe4 7. Qxe4 Nf6 8. Qd3 Nbd7 9. g3 Be7 10. Bg2 O-O 11. O-O Nb6 12. b3 a5 13. a4 Nbd5 14.
Ne2 Qd7 15. Rd1 Rfd8 16. Bb2 Qc7 17. Qf3 Nb4 18. c3 Nbd5 19. Rac1 Qb6 20. c4 Nb4 21. g4 h6 22. Nf4 Rd7 23. h4 Rf8 24. g5 hxg5 25. hxg5 Nh7 26. g6 Ng5 27. Qh5 Qc7 28.
gxf7+ Rxf7 29. Ng6 Rf5 30. Qh8+ Kf7 31. Ne5+ Rxe5 32.
dxe5 Nd3 33. f4 Nxb2 34. Rxd7 Qxd7 35. fxg5 Qd4+ 36. Kh1 Nd3 37. Rf1+ Nf2+ 38. Kg1 Bc5 39. Qh5+ Ke7 40. Qf3 Ng4+ 41. Kh1 Nf2+ 42. Kh2 Qxe5+ 43. Qg3 Qd4 44. Bh3 Bd6 45. Kg2 Bxg3 46. Kxg3 Ne4+ 47.
Kg2 Qd2+ 48. Kf3 Qd3+ 49. Kg2 Nd2 50. Rf2 Ne4 51. Rf1 Qe2+ 52. Kg1 Ng3 53. Rf2 Qe1+ 54. Kg2 Ne2 55. Bg4 Qg1+ 56. Kf3 Nd4+ 57. Ke3 Qxg4 0-1

[Event "*** Titled Tuesday Blitz"]
[Site "Chess.com"]
[Date "2020.04.07"]
[Round "1"]
[White "BahadirOzen"]
[Black "steepedgames"]
[Result "0-1"]
[WhiteElo "2760"]
[BlackElo "2425"]
[TimeControl "180+1"]
[EndTime "13:08:18 PDT"]
[Termination "steepedgames won on time"]

1. Nf3 f5 2. c4 Nf6 3. g3 d6 4. d4 g6 5. Bg2 Bg7 6. O-O O-O 7. Nc3 Nc6 8. d5 Na5 9. Qd3 c5 10. b3 Bd7 11. Bb2 a6 12. Nd2 Rb8 13. Nd1 b5 14. Bc3 e5 15. dxe6 Bxe6 16. Ne3 bxc4 17.
bxc4 Ng4 18. Nxg4 fxg4 19. Bxg7 Kxg7 20. Qc3+ Kg8 21. Rab1 Qc7 22. Rxb8 Rxb8 23. Ne4 Nxc4 24. Nf6+ Kf8 25. Nd5 Bxd5 26. Bxd5 Ne5 27. f4 gxf3 28. exf3 Qg7 29. Re1 Rd8 30. Kg2 h5 31. Qe3 c4 32.
Qf4+ Ke7 33. Qxc4 Kf8 34. Qe4 Nd7 35. Qe6 Nf6 36. Bb3 g5 37. Rd1 g4 38. Rxd6 Rxd6 39.
Qxd6+ Ke8 40. Ba4+ Kf7 41. Qc7+ Kg6 42. Bc2+ Kh6 43.
Qf4+ Qg5 44. Qxg5+ Kxg5 45. Kf2 gxf3 46. Kxf3 Ng4 47.
h3 Ne5+ 48. Kf2 Nc4 49. h4+ Kf6 50. Bd1 Kg6 51. Kf3 Ne5+ 52. Ke4 Nd7 53. Kd5 Kf5 0-1

[Event "*** Titled Tuesday Blitz"]
[Site "Chess.com"]
[Date "2020.04.07"]
[Round "1"]
[White "temus_galaktionov"]
[Black "FranciscodelaF"]
[Result "1-0"]
[WhiteElo "2741"]
[BlackElo "2392"]
[TimeControl "180+1"]
[EndTime "13:08:18 PDT"]
[Termination "temus_galaktionov won by resignation"]

1. d4 e6 2. c4 d5 3. Nf3 Nf6 4. Nc3 dxc4 5. e3 c5 6. Bxc4 Nc6 7. O-O cxd4 8. exd4 Be7 9. Bf4 a6 10. Re1 b5 11. Bb3 O-O 12. d5 exd5 13. Nxd5 Nxd5 14.
Qxd5 Bb7 15. Rac1 Na5 16. Qxd8 Bxd8 17. Bd6 Nxb3 18. axb3 Bxf3 19. gxf3 Bg5 20. f4 Rfd8 21. Bc7 Bf6 22. Bxd8 Rxd8 23. Ra1 h5 24. Rxa6 Bxb2 25. Rb6 Bc3 26. Re7 b4 27. Rbb7 f5 28. Rb5 Rd2 29.
Rxf5 h4 30. Re8+ Kh7 31. Rh5+ Kg6 32. Rxh4 Rb2 33. Rg4+ Kf7 34. Rb8 Rxb3 35. Rg3 Rb2 36. Rd3 Re2 37. Rb6 Re4 38. Rd7+ Kg8 39. f5 Rf4 40.
Rb5 Bd4 41. Kg2 Bxf2 42. Rbb7 Bd4 43. Rxb4 Rf2+ 44. Kg3 Bc5 45. Rbb7 Rxf5 46. Rxg7+ Kf8 47. Rgd7 Kg8 48. Rd8+ Bf8 49. Kg4 Rf7 50. Rxf7 Kxf7 51. Rd7+ Ke6 52. Ra7 Kf6 53. h4 Bd6 54. h5 Bc5 55. Rb7 Be3 56. Rh7 Ke6 57. Rg7 Kf6 58.
Rg8 Kf7 59. Rg6 Bd2 60. Kf5 Bc1 61. h6 Bb2 62. h7 Bg7 63. Rg5 Kf8 64. Ke6 1-0

[Event "*** Titled Tuesday Blitz"]
[Site "Chess.com"]
[Date "2020.04.07"]
[Round "1"]
[White "eCztery"]
[Black "Tayson_7"]
[Result "0-1"]
[WhiteElo "2387"]
[BlackElo "2730"]
[TimeControl "180+1"]
[EndTime "13:08:18 PDT"]
[Termination "Tayson_7 won by resignation"]

1. e4 e5 2. Nf3 Nc6 3. Nc3 g6 4. d4 exd4 5. Nxd4 Bg7 6. Nxc6 bxc6 7. Bc4 Ne7 8. O-O O-O 9. Bg5 Rb8 10. Bb3 h6 11. Bh4 d6 12. h3 c5 13. Nd5 g5 14.
Bg3 Ba6 15. Re1 c4 16. Ba4 Rxb2 17. e5 dxe5 18. Rxe5 Bxe5 19. Bxe5 Qxd5 20. Bxb2 Rd8 21.
Qxd5 Nxd5 22. Rd1 Bb7 23. Bb5 Rd6 24. Bxc4 Nf4 25. Rxd6 cxd6 26. Bf1 Be4 27. c4 Bd3 28. Ba3 Bxf1 29. Kxf1 f5 30. Bxd6 Ne6 31. Ke2 Kf7 32.
g3 Ke8 33. Be5 Kd7 34. Kd3 Kc6 35. Bd4 a6 36. a3 Kd6 37. f3 Kc6 38. Be3 Kd6 39.
h4 gxh4 40. gxh4 h5 41. Kc3 Kc6 42. Kb4 Nd8 43. Ka5 Kb7 44. c5 Nc6+ 45. Ka4 Ne5 46. f4 Ng6 47. Ka5 Nxh4 48. c6+ Kxc6 49. Kxa6 Ng6 50. a4 h4 51. a5 h3 52. Bg1 Nxf4 53.
Ka7 Nd5 54. a6 Nb4 55. Bh2 Kd5 56. Kb6 Nxa6 57. Kxa6 Ke4 58. Kb5 f4 59. Kc4 f3 60.
Bg3 h2 61. Bxh2 f2 62. Bd6 f1=Q+ 63. Kc5 Qc1+ 64. Kb6 Kd5 65. Bc7 Qc6+ 66. Ka7 Qxc7+ 67. Ka8 Qd7 0-1

[Event "*** Titled Tuesday Blitz"]
[Site "Chess.com"]
[Date "2020.04.07"]
[Round "1"]
[White "Vuk2000"]
[Black "TwentyHourADay"]
[Result "1/2-1/2"]
[WhiteElo "2635"]
[BlackElo "2320"]
[TimeControl "180+1"]
[EndTime "13:08:18 PDT"]
[Termination "Game drawn by repetition"]

1. d4 Nf6 2. Bg5 d5 3. Bxf6 exf6 4. e3 Bd6 5. g3 c6 6. Bg2 O-O 7. Nd2 f5 8. Ne2 Be6 9. O-O Nd7 10.
Nf4 Nf6 11. Nxe6 fxe6 12. c4 Qe7 13. Qc2 Ne4 14. Nf3 Rf6 15. Rac1 Raf8 16. Ne5 Rh6 17. f4 Bxe5 18. fxe5 Qg5 19. Rf4 Qh5 20. Bxe4 fxe4 21.
Rxf8+ Kxf8 22. Rf1+ Kg8 23. Qf2 Qe8 24. cxd5 exd5 25.
Qf5 Re6 26. b4 Re7 27. Qg4 h6 28. Rf6 Kh8 29. Rf5 Rf7 30. Qh5 Kg8 31. Qg6 Qe7 32. a3 Rxf5 33. Qxf5 Qf7 34. Qc8+ Kh7 35. Qg4 Qg6 36.
Qd7 Qg5 37. Kf2 Qh5 38. g4 Qxh2+ 39. Ke1 Qg3+ 40. Ke2 Qf3+ 41. Kd2 Qf2+ 42. Kd1 Qf1+ 43. Kd2 Qd3+ 44. Kc1 Qxa3+ 45. Kc2 Qd3+ 46. Kb2 Qd2+ 47.
Kb1 Qxb4+ 48. Kc2 Qc4+ 49. Kb2 Qe2+ 50. Kb1 Qd1+ 51. Kb2 Qd2+ 52. Kb1 Qb4+ 53. Kc2 Qa4+ 54. Kb2 Qb5+ 55. Kc2 Qd3+ 56. Kb2 Qd2+ 57. Kb1 Qe1+ 58.
Kc2 Qf2+ 59. Kb1 Qe1+ 60. Kb2 Qb4+ 61. Kc2 1/2-1/2

[Event "*** Titled Tuesday Blitz"]
[Site "Chess.com"]
[Date "2020.04.07"]
[Round "1"]
[White "reigningmvp"]
[Black "iLuusions"]
[Result "0-1"]
[WhiteElo "2245"]
[BlackElo "2592"]
[TimeControl "180+1"]
[EndTime "13:08:22 PDT"]
[Termination "iLuusions won by checkmate"]

1. Nf3 Nf6 2. g3 d5 3. Bg2 c6 4.
O-O Bg4 5. c4 e6 6. Qb3 Qb6 7. Qc2 Nbd7 8. d3 Bd6 9. b3 O-O 10. Bb2 e5 11. Nbd2 Rfe8 12. h3 Bf5 13.
Nh4 Bg6 14. Nxg6 hxg6 15. a3 a5 16. Rac1 e4 17. dxe4 dxe4 18. Nxe4 Nxe4 19. Bxe4 Nc5 20. Bg2 Nxb3 21. Rb1 a4 22. e3 Rad8 23. Rfd1 Qc5 24. Bd4 Qxa3 25. Qc3 Bb4 26. Qc2 Bc5 27. Bc3 Be7 28. h4 Bf6 29. Bxf6 gxf6 30. h5 Kg7 31. Be4 f5 32. Bxf5 gxf5 33. Qxf5 Qc5 34. Qg4+ Kh8 35.
Qh4 Rd6 36. h6 Nd2 37. Rxd2 Rg6 38. Rbd1 Kh7 39. Rd8 Qe5 40. Rxe8 Qxe8 41. Rd8 Qe5 42. Rf8 Qf6 43. Qe4 Kxh6 44. Qe8 a3 45. Rh8+ Kg5 46.
f4+ Kg4 47. Qe4 Qa1+ 48. Kh2 Qb2+ 49. Kg1 Kxg3 50. Qg2+ Qxg2# 0-1

[Event "*** Titled Tuesday Blitz"]
[Site "Chess.com"]
[Date "2020.04.07"]
[Round "1"]
[White "SHIVACalypso"]
[Black "AliKa2810"]
[Result "0-1"]
[WhiteElo "2223"]
[BlackElo "2582"]
[TimeControl "180+1"]
[EndTime "13:08:22 PDT"]
[Termination "AliKa2810 won on time"]

1. Nf3 Nf6 2. c4 g6 3. g3 Bg7 4. Bg2 O-O 5. O-O d6 6. Nc3 e5 7. d3 c6 8. Rb1 h6 9. b4 Be6 10. b5 Nbd7 11. Nd2 Qc7 12. a4 d5 13. Ba3 Rfe8 14. Qb3 Nf8 15. bxc6 bxc6 16. Qb7 Qxb7 17. Rxb7 Reb8 18. Rfb1 N8d7 19. Bd6 Rxb7 20. Rxb7 Bf8 21. Bxf8 Kxf8 22. cxd5 cxd5 23. Nb5 Rc8 24. Nxa7 Rc1+ 25. Nf1 Ra1 26. Rb4 Nc5 27. Nc6 e4 28. dxe4 Nfxe4 29. a5 Nd2 30. Rh4 Nce4 31. Nd4 Nxf1 32. Bxf1 Nd2 33.
Nxe6+ fxe6 34. a6 Rxf1+ 35. Kg2 Ra1 36. Rxh6 Kg7 37. Rh4 Rxa6 38. Rb4 Nc4 39. Rb7+ Kf6 40. Kf3 Ra3+ 41. e3 Ne5+ 42. Ke2 Ra2+ 43. Kf1 Ng4 44. Rb4 Kg5 45. h4+ Kh5 46. Rf4 e5 47. Rf8 d4 48.
Rh8+ Nh6 49. Kg2 dxe3 50. Kh3 g5 51. g4+ Kg6 52. fxe3 Ra3 53. hxg5 Rxe3+ 54. Kh4 Nf7 55. Rg8+ Kh7 56. Rf8 Nh8 0-1

[Event "*** Titled Tuesday Blitz"]
[Site "Chess.com"]
[Date "2020.04.07"]
[Round "1"]
[White "jamengrand"]
[Black "LawrenceTrent"]
[Result "1-0"]
[WhiteElo "2156"]
[BlackElo "2503"]
[TimeControl "180+1"]
[EndTime "13:08:22 PDT"]
[Termination "jamengrand won by resignation"]

1. e4 c5 2. Nf3 Nc6 3. d4 cxd4 4. Nxd4 Nf6 5. Nc3 d6 6. f3 g6 7.
Be3 Bg7 8. Qd2 O-O 9. Bc4 Bd7 10. O-O-O Rc8 11. Bb3 Ne5 12. Kb1 Re8 13. g4 h5 14.
gxh5 Nxh5 15. Rhg1 Nc4 16. Bxc4 Rxc4 17. Nce2 Qc7 18. Nf5 gxf5 19. Bh6 Qc5 20. Bxg7 Nxg7 21. Rxg7+ Kxg7 22. Qg5+ Kh7 23. Rg1 Qxg1+ 24. Nxg1 Rg8 25. Qh4+ Kg7 26. Qxe7 Be6 27. Ne2 fxe4 28. f4 Rh8 29. b3 Rc6 30. Ng3 Rxh2 31. f5 Bd5 32. Qg5+ Kf8 33. Qd8+ Kg7 34. Qg5+ Kf8 35. c4 Bxc4 36.
bxc4 Rb6+ 37. Kc1 Rg2 38. Qd8+ Kg7 39. Nh5+ Kh6 40. Qh4 Rbb2 41. Nf4+ Kg7 42. Nxg2 Rxg2 43. Qxe4 Rxa2 44. Qd4+ f6 45. Qxd6 Ra6 46. Qe7+ Kh6 47. Kd2 Kg5 48. Qe4 Rd6+ 49. Kc3 Rc6 50. Kd4 Rd6+ 51.
Kc5 Rc6+ 52. Kd5 Rc7 53. Ke6 Rc6+ 54. Kf7 Rc7+ 55. Ke8 Rc5 56. Qg2+ Kxf5 57. Qf2+ Ke4 58. Qxc5 1-0

[Event "*** Titled Tuesday Blitz"]
[Site "Chess.com"]
[Date "2020.04.07"]
[Round "1"]
[White "Orange_Ghost"]
[Black "sari07"]
[Result "1-0"]
[WhiteElo "2749"]
[BlackElo "2398"]
[TimeControl "180+1"]
[EndTime "13:08:24 PDT"]
[Termination "Orange_Ghost won by resignation"]

1. d4 d5 2. c4 c6 3. cxd5 cxd5 4. Bg5 Bf5 5. Nc3 h6 6. Bh4 g5 7. Bg3 e6 8. e3 Nc6 9. Nf3 Bd6 10. Bb5 Ne7 11.
Ne5 O-O 12. h4 Bxe5 13. dxe5 g4 14. h5 d4 15. exd4 Nxd4 16. O-O a6 17. Ba4 b5 18.
Bb3 Nec6 19. Re1 Qg5 20. Ne4 Bxe4 21. Rxe4 Kh8 22. Rxg4 Qf5 23. Rxd4 Nxd4 24. Qxd4 Rad8 25. Qh4 Rd2 26. Rd1 Rxd1+ 27. Bxd1 Rc8 28. Kh2 Qg5 29. Qe4 Rc1 30. Bh4 Qf5 31. Bf6+ Kh7 32. Bf3 Qxe4 33.
Bxe4+ Kg8 34. Bb7 a5 35. Ba6 b4 36. b3 Rc2 37. Bd8 Rxa2 38. Bc4 Kf8 39. Bb6 Ke7 40.
f4 Kd7 41. Bb5+ Kc8 42. Kh3 Kb7 43. Bd8 Rb2 44. Ba4 Kc8 45. Bxa5 Rf2 46. g3 Rf1 47.
Bxb4 f5 48. exf6 Kd8 49. f7 Rh1+ 50. Kg2 Rxh5 51. f8=Q+ 1-0

[Event "*** Titled Tuesday Blitz"]
[Site "Chess.com"]
[Date "2020.04.07"]
[Round "1"]
[White "StephenDedalus83"]
[Black "FrankieJay"]
[Result "0-1"]
[WhiteElo "2728"]
[BlackElo "2413"]
[TimeControl "180+1"]
[EndTime "13:08:24 PDT"]
[Termination "FrankieJay won by resignation"]

1. e4 c5 2. Nf3 Nc6 3. d4 cxd4 4. Nxd4 Nf6 5. Nc3 e5 6. Ndb5 d6 7. Bg5 a6 8. Na3 b5 9. Nd5 Be7 10. Bxf6 Bxf6 11. c3 O-O 12. Nc2 Rb8 13. a3 Bg5 14. Ncb4 Qd7 15. Qd3 Na5 16. Be2 Bb7 17. O-O Nc4 18. b3 Nd2 19. h4 Bh6 20. Rfd1 Nxb3 21.
Rab1 Nc5 22. Qf3 a5 23. Nc2 Bc6 24. g4 f6 25. Bf1 Ne6 26. Nce3 Bxe3 27. Nxe3 Nf4 28.
Nf5 Qb7 29. Nxd6 Qe7 30. Bxb5 Bxb5 31. Nxb5 Qc5 32. Qe3 Qxe3 33. fxe3 Rxb5 34. exf4 Rc5 35. fxe5 fxe5 36. Rd3 Rfc8 37. Rc1 Rc4 38. Re3 Ra4 39. Ra1 Rcc4 40. Kf2 Rxe4 41. Rxe4 Rxe4 42. Kf3 Rc4 43. Rc1 Kf7 44. h5 Ke6 45. Kg3 g6 46. h6 Kf6 47.
Kh4 g5+ 48. Kg3 Kg6 49. Kf3 Kxh6 50. Ke3 Kg6 51. Kd3 Rxg4 52. c4 Rd4+ 53. Ke3 Kf5 54. c5 Rd7 55. c6 Rc7 56. Rc5 Ke6 57. Ke4 Kd6 58. Rxe5 Re7 59. Rxe7 Kxe7 60. Kf5 Kd6 61. Kxg5 Kxc6 62. Kh6 Kb5 63. Kxh7 Ka4 64. Kg6 Kxa3 65. Kf5 Kb3 66. Ke4 a4 67. Kd3 a3 0-1

[Event "*** Titled Tuesday Blitz"]
[Site "Chess.com"]
[Date "2020.04.07"]
[Round "1"]
[White "1random"]
[Black "Bauxi435"]
[Result "1-0"]
[WhiteElo "2724"]
[BlackElo "2371"]
[TimeControl "180+1"]
[EndTime "13:08:24 PDT"]
[Termination "1random won by checkmate"]

1. d4 Nf6 2. c4 e6 3. Nf3 d5 4.
Nc3 dxc4 5. e4 Bb4 6. Bg5 b5 7. a4 c5 8. axb5 cxd4 9. Nxd4 Qb6 10. f3 Bb7 11. Be3 Bc5 12. Na4 Bb4+ 13. Kf2 Qd8 14. Bxc4 O-O 15. Qb3 Qe7 16. Rhd1 Nbd7 17. Kg1 Ne5 18.
Bf1 Rfd8 19. Nc2 Ba5 20. Nc5 Bb6 21. Nxb7 Qxb7 22. Nb4 Neg4 23. fxg4 Nxg4 24. Nc2 Qxe4 25. Bxb6 axb6 26. h3 Rxd1 27. Rxd1 Nf6 28. Qd3 Qe5 29.
Qd4 Qb8 30. Nb4 h6 31. Nc6 Qg3 32. Qxb6 Ra2 33. Qf2 Qxf2+ 34. Kxf2 Rxb2+ 35. Kg1 Nd5 36. Re1 Kf8 37. Re2 Rb3 38. Rd2 Ke8 39. Bc4 Rb1+ 40.
Kh2 Ne7 41. Nxe7 Kxe7 42. Bd3 Rb4 43. Rd1 Rb3 44. Bf1 e5 45. Kg1 e4 46. Kf2 f5 47.
Rd5 Ke6 48. Bc4 Rb2+ 49. Ke3 Rb4 50. Kd4 Kf6 51. Kc5 Rb2 52. b6 e3 53. b7 Rc2 54. b8=Q Rxc4+ 55. Kxc4 e2 56. Qe5+ Kg6 57. Qxf5# 1-0

[Event "*** Titled Tuesday Blitz"]
[Site "Chess.com"]
[Date "2020.04.07"]
[Round "1"]
[White "MisiekZielony"]
[Black "FLamps8"]
[Result "0-1"]
[WhiteElo "2131"]
[BlackElo "2531"]
[TimeControl "180+1"]
[EndTime "13:08:24 PDT"]
[Termination "FLamps8 won on time"]

1. c4 c6 2. Nc3 d5 3. cxd5 cxd5 4. d4 Nc6 5. Nf3 a6 6. Bf4 Bf5 7. e3 e6 8. Bd3 Bxd3 9. Qxd3 Bd6 10. Bg3 Nge7 11.
O-O O-O 12. Rfc1 Nf5 13. Na4 Nxg3 14. hxg3 Rc8 15. Nc5 Qe7 16. Na4 f5 17. a3 Rf6 18.
Ne5 Bxe5 19. dxe5 Rh6 20. f4 Qf7 21. Nc5 g5 22. Rc2 gxf4 23. exf4 Rg6 24. Rac1 Kh8 25.
Nb3 Rcg8 26. Rc3 d4 27. Nxd4 Rxg3 28. Qxg3 Nxd4 29. Qe3 Qd7 30. Rd3 Qg7 31. g3 Nc6 32.
Qf3 Ne7 33. Rcd1 Nd5 34. Kf2 Qc7 35. R1d2 Qb6+ 36. Rd4 Rc8 37. Qd3 Rc1 38. Kg2 Qc6 39. Qf3 Rc2 40. Kh2 Rxd2+ 41. Rxd2 Qc1 42. Re2 Qc4 43.
Kg2 Qd4 44. Kh3 Qg1 45. Qg2 Qd4 46. Rc2 Qd3 47. Qe2 Nxf4+ 48. Kh2 Nxe2 49. Rc8+ Kg7 50. Rc7+ Kg6 51. Rg7+ Kxg7 0-1

[Event "*** Titled Tuesday Blitz"]
[Site "Chess.com"]
[Date "2020.04.07"]
[Round "1"]
[White "GuerrieroFromLevant"]
[Black "ckgchess"]
[Result "1-0"]
[WhiteElo "2308"]
[BlackElo "2612"]
[TimeControl "180+1"]
[EndTime "13:08:25 PDT"]
[Termination "GuerrieroFromLevant won by checkmate"]

1. e4 c5 2. Nf3 d6 3. Bb5+ Nd7 4. Ba4 Nf6 5. O-O g6 6. Re1 Bg7 7. c3 O-O 8. d4 e5 9. dxe5 Nxe5 10. Nxe5 dxe5 11. Qxd8 Rxd8 12. Na3 a6 13. c4 Be6 14.
f3 Nh5 15. Be3 Nf4 16. Rad1 f5 17. g3 Nd3 18. Re2 fxe4 19. Red2 exf3 20. Rxd3 Rxd3 21.
Rxd3 e4 22. Rd2 Kf7 23. Kf2 h5 24. h4 g5 25. Bxg5 Bd4+ 26. Be3 Rd8 27. Nc2 Bxe3+ 28. Kxe3 Rxd2 29. Kxd2 Bxc4 30. Ne3 Bxa2 31. Bd7 Be6 32.
Bxe6+ Kxe6 33. Nf1 b5 34. Ke3 Kd5 35. Nd2 a5 36.
Nxe4 a4 37. g4 hxg4 38. h5 b4 39. h6 f2 40. Nxf2 a3 41. bxa3 bxa3 42. h7 a2 43. h8=Q g3 44. Qa1 g2 45. Nh3 c4 46. Ng1 Kc5 47.
Qxa2 Kb4 48. Kd2 c3+ 49. Kc2 Kc5 50. Qb3 Kd4 51. Qxc3+ Ke4 52. Kd2 Kf4 53. Qe3+ Kg4 54. Qf3+ Kh4 55. Qxg2 Kh5 56. Nf3 Kh6 57. Qg5+ Kh7 58. Ne5 Kh8 59. Ke3 Kh7 60. Kf4 Kh8 61. Kf5 Kh7 62. Kf6 Kh8 63. Qg7# 1-0

[Event "*** Titled Tuesday Blitz"]
[Site "Chess.com"]
[Date "2020.04.07"]
[Round "1"]
[White "LiemLe"]
[Black "TregubovP"]
[Result "1-0"]
[WhiteElo "2959"]
[BlackElo "2476"]
[TimeControl "180+1"]
[EndTime "13:08:28 PDT"]
[Termination "LiemLe won by resignation"]

1. e4 e5 2. Nf3 Nf6 3. Nxe5 d6 4. Nf3 Nxe4 5. d4 d5 6. Bd3 Bd6 7. O-O O-O 8. c4 c6 9. Nc3 Nxc3 10. bxc3 dxc4 11.
Bxc4 Bf5 12. Re1 Nd7 13. Bb3 h6 14. h3 Re8 15. Be3 Nb6 16. c4 Bb4 17. Bd2 Bxd2 18. Qxd2 Qf6 19. Qf4 Rad8 20. Rxe8+ Rxe8 21. Rd1 Be4 22.
Qxf6 gxf6 23. Nh2 Kg7 24. f3 Bf5 25. Kf2 a5 26. c5 a4 27. Bxf7 Kxf7 28. cxb6 Be6 29. a3 Bb3 30. Rc1 Ra8 31. Ng4 h5 32.
Ne3 Ra6 33. d5 Rxb6 34. dxc6 bxc6 35. Rc5 Kg6 36. h4 Be6 37. Ra5 Rb2+ 38. Kg3 Rb3 39. Nc2 Rc3 40. Nd4 Bb3 41. Nf5 c5 42. Ne7+ Kf7 43. Nc8 Ke6 44. Nb6 Kd6 45. Nxa4 Rc2 46. Ra6+ Kd5 47. Nb6+ Kd4 48. Nd7 c4 49. Rd6+ Ke3 50.
Nxf6 c3 51. Rc6 Rc1 52. Ne4 c2 53. Rc3+ Ke2 54. Rxb3 Ra1 55. Rc3 c1=Q 56. Rxc1 Rxc1 57. Kf4 Kf1 58. g4 hxg4 59. fxg4 Kg2 60. h5 Kh3 61. h6 Kh4 62. h7 Rc8 63. g5 Rf8+ 64. Nf6 Kh3 65. Kf5 Kh4 66. g6 1-0

[Event "*** Titled Tuesday Blitz"]
[Site "Chess.com"]
[Date "2020.04.07"]
[Round "1"]
[White "imdvb6307"]
[Black "Fibrinogen"]
[Result "1-0"]
[WhiteElo "2399"]
[BlackElo "2705"]
[TimeControl "180+1"]
[EndTime "13:08:28 PDT"]
[Termination "imdvb6307 won by resignation"]

1. c4 Nf6 2. Nc3 e5 3. Nf3 Nc6 4. e3 Bb4 5. Qc2 O-O 6. Nd5 Bc5 7. a3 a5 8. Bd3 h6 9. O-O d6 10. b3 Nxd5 11. cxd5 Ne7 12. Bc4 Bb6 13. Bb2 f5 14. Nxe5 dxe5 15. d6+ Kh8 16. dxe7 Qxe7 17. Qc3 Re8 18.
f4 exf4 19. Rxf4 Bd7 20. Rf3 Qf8 21. Raf1 Re7 22. Kh1 Rae8 23. Bd3 Qf7 24. Bxf5 Bxf5 25. Rxf5 Qg6 26. R5f3 Rg8 27. Qc4 Qe6 28. Qxe6 Rxe6 29. Rf8 Rd6 30. Bc3 Rd7 31. g3 Bc5 32. Rxg8+ Kxg8 33. b4 axb4 34. axb4 Bd6 35. Kg2 Re7 36. Rf5 Re4 37.
Kf3 Re6 38. g4 Re7 39. h4 Kh7 40. h5 Kg8 41. e4 c6 42. d4 Bc7 43. d5 cxd5 44.
exd5 Bd6 45. b5 Rc7 46. Be5 Rd7 47. Bd4 Rc7 48. Ke4 Rc4 49. Kd3 Rc1 50. Rf2 Rd1+ 51. Ke4 Rb1 52. Rb2 Re1+ 53. Kf5 Re8 54. Rf2 Kf7 55.
g5 Kg8 56. gxh6 gxh6 57. Kg6 Rf8 58. Rxf8+ Bxf8 59. Be3 Bd6 60. Bxh6 Be5 61. Bg5 Kf8 62. Bf6 Bd6 63. h6 Ke8 64. h7 Kd7 65. h8=Q Kc7 66. Qh7+ Kb6 67. Bd4+ Kxb5 68. Qxb7+ Kc4 69. Qc6+ Kxd4 70.
Qxd6 Kc4 1-0

[Event "*** Titled Tuesday Blitz"]
[Site "Chess.com"]
[Date "2020.04.07"]
[Round "1"]
[White "yawnpawn"]
[Black "Caclox"]
[Result "0-1"]
[WhiteElo "1684"]
[BlackElo "2501"]
[TimeControl "180+1"]
[EndTime "13:08:28 PDT"]
[Termination "Caclox won on time"]

1. e4 c5 2. Nf3 d6 3. Bb5+ Nd7 4. O-O Nf6 5. Re1 a6 6. Bd3 g6 7. c3 Bg7 8. Bc2 Ne5 9. d4 Nxf3+ 10. Qxf3 Nd7 11.
Rd1 O-O 12. Bg5 h6 13. Be3 Qc7 14. Bb3 Kh7 15. Nd2 b5 16. Nf1 Bb7 17. h4 Nf6 18. Ng3 Bc8 19. e5 Bb7 20. exf6 Bxf3 21. fxg7 Kxg7 22.
gxf3 c4 23. Bc2 d5 24. h5 e6 25. Kg2 g5 26. Ne2 f5 27. f4 g4 28. f3 gxf3+ 29. Kxf3 Kh7 30. Rg1 Rg8 31. a4 Qf7 32. Ng3 b4 33.
cxb4 Rab8 34. Bd2 Qf6 35. Ke3 Rg4 36. Nxf5 Rxg1 37. Nd6+ Kh8 38. Rxg1 Rf8 39. Kf3 Qh4 40. Be3 Qxh5+ 41. Kf2 Qh2+ 42. Kf3 Qh3+ 43. Ke2 Qh2+ 44. Kd1 Qh5+ 45. Kd2 Qh2+ 46. Kc1 Qh3 47. Kd2 Qh2+ 48. Kc1 Qh3 49. Kd2 Qh5 50. Rg3 Qh2+ 0-1

[Event "*** Titled Tuesday Blitz"]
[Site "Chess.com"]
[Date "2020.04.07"]
[Round "1"]
[White "nonscitis"]
[Black "Nastya_Rakhmangulova"]
[Result "0-1"]
[WhiteElo "2641"]
[BlackElo "2344"]
[TimeControl "180+1"]
[EndTime "13:08:31 PDT"]
[Termination "Nastya_Rakhmangulova won on time"]

1. d4 d5 2. c3 Nf6 3. Bf4 c5 4. Nf3 e6 5. e3 Nc6 6. Nbd2 Bd6 7.
Bg3 O-O 8. Bd3 b6 9. e4 Be7 10. e5 Nh5 11. a3 Nxg3 12. hxg3 g6 13. Qe2 Re8 14. Qe3 Bf8 15. Ng5 cxd4 16. cxd4 h6 17. Ngf3 Ne7 18. g4 Bd7 19. Rxh6 Rc8 20. Rh1 Ba4 21.
Qg5 Nc6 22. Qf4 Na5 23. Ng5 Rc7 24. Nh7 Bg7 25. Nf6+ Kf8 26. Nxe8 Qxe8 27. Qf3 Qc8 28. Ke2 Bc2 29. b4 Bxd3+ 30. Qxd3 Nc4 31. Rac1 Kg8 32.
Nxc4 dxc4 33. Qe4 b5 34. Rh3 c3 35. Rc2 Rc4 36. Qd3 Qd7 37. Rxc3 Rxd4 38. Qc2 Bxe5 39. Rc8+ Kg7 40. Rf3 Bf4 41. g3 Rd2+ 42. Kf1 Rxc2 43. Rxc2 Qd1+ 44. Kg2 Qxc2 45. Rxf4 Qb3 46. Rf3 Qd5 47. g5 f5 48. g4 fxg4 0-1